 Dungeon Crawl Stone Soup version 0.31-a0-1589-g8f5e8aebd6 (webtiles) character file.

Game seed: 8082992781001453018

585 CougarLife the Ruffian (level 7, 0/71 HPs)
             Began as a Troll Fighter on Jan 5, 2024.
             Incinerated by a bombardier beetle (5 damage)
             ... with a burning spray
             ... on level 4 of the Dungeon.
             The game lasted 00:04:48 (2415 turns).

CougarLife the Ruffian (Troll Fighter)              Turns: 2415, Time: 00:04:49

Health: 0/71       AC:  5    Str: 25    XL:     7   Next: 14%
Magic:  6/6        EV:  9    Int:  6    God:
Gold:   197        SH:  9    Dex: 15    Spells: 6/6 levels left

rFire   . .          .
                       - Unarmed
rCold   . . .        b - +0 kite shield
rNeg    . . .        f - +1 robe {Will+}
rPois   .            (helmet restricted)
rElec   .            (no cloak)
rCorr   .            (gloves unavailable)
SInv    .            (boots unavailable)
Will    +....        (no amulet)
Stlth   +            g - +6 ring of dexterity
HPRegen 1.11/turn    (no ring)
MPRegen 0.10/turn

%: no passive effects
@: on fire, glowing
A: large, unfitting armour, claws 3, regeneration 1, shaggy fur 1, tough skin 1
a: no special abilities


You were on level 4 of the Dungeon.
You visited 1 branch of the dungeon, and saw 4 of its levels.

You collected 197 gold pieces.

Inventory:

Missiles
 a - 5 javelins (quivered)
 r - a throwing net
Armour
 b - a +0 kite shield (worn)
 f - a +1 robe of willpower (worn)
Jewellery
 g - a +6 ring of dexterity (left claw)
 k - a +4 ring of protection
Scrolls
 e - a scroll of teleportation {unknown}
 h - 3 scrolls of identify {unknown}
 i - 2 scrolls of noise {unknown}
 m - a scroll of poison {unknown}
 n - a scroll of vulnerability {unknown}
 q - a scroll of enchant weapon {unknown}
Potions
 c - 2 potions of might
 d - a potion of ambrosia {unknown}
 j - a potion of curing
 l - a potion of attraction {unknown}
 o - a potion of heal wounds {unknown}
 p - 2 potions of lignification {unknown}


   Skills:
 + Level 4.4 Fighting
 - Level 3.0 Dodging
 - Level 3.0 Shields
 - Level 6.0 Unarmed Combat


You had 6 spell levels left.
You didn't know any spells.
Your spell library contained the following spells:

 Spells                   Type           Power      Damage    Failure   Level
 Apportation              Tloc           0%         N/A       71%         1
 Necrotise                Necr           0%         1d4       71%         1
 Sting                    Conj/Alch      0%         1d3       71%         1
 Summon Small Mammal      Summ           0%         N/A       71%         1


Dungeon Overview and Level Annotations

Branches:
Dungeon (4/15)
 Temple: D:4-7

Altars:
Dithmenos
Vehumet

Shops:
D:3 !?:


Innate Abilities, Weirdness & Mutations

You are too large for most types of armour.
You have claws for hands.
Your natural rate of healing is unusually fast.
You are covered in fur. (AC +1)
You have tough skin. (AC +1)


Message History

The gnoll hits you from afar with a +0 spear.
* * * LOW HITPOINT WARNING * * *
The bombardier beetle bites you.
* * * LOW HITPOINT WARNING * * *
You feel better. The liquid fire burns you!
* * * LOW HITPOINT WARNING * * *
The gnoll closely misses you.
You feel better. The liquid fire burns you!
* * * LOW HITPOINT WARNING * * *
You are no longer corroded.
You block the gnoll's attack.
The bombardier beetle sprays incendiary fluid at you.
The burning spray hits you.
You are even more covered in liquid fire!
You feel better. The liquid fire burns you!
* * * LOW HITPOINT WARNING * * *
You block the gnoll's attack.
The bombardier beetle bites you but does no damage.
You feel better. The liquid fire burns you!
* * * LOW HITPOINT WARNING * * *
The gnoll hits you from afar with a +0 spear.
* * * LOW HITPOINT WARNING * * *
You mangle the bombardier beetle!!
You kill the bombardier beetle!
The liquid fire burns you!
* * * LOW HITPOINT WARNING * * *
The gnoll hits you from afar with a +0 spear.
* * * LOW HITPOINT WARNING * * *
You shake off some of the fire as you move.
The liquid fire burns you!
* * * LOW HITPOINT WARNING * * *
You block the gnoll's attack.
You claw the gnoll!
The gnoll is heavily wounded.
The liquid fire burns you!
You die...

........#.#######........
#####.....# #........
#...### #.##..... #...#
#####.... #...# ##...
###...##### ####
#....)....# ##...†)###.#
#....).@.# #...#..#g...#
#............#
..#......#...#
.............#
..............#
..#......#..#.# ........
.#.#


You could see a gnoll.

Vanquished Creatures
  A black bear (D:4)
  2 phantoms (D:4)
  2 scorpions
  A bombardier beetle (D:4)
  An iguana (D:4)
  Robin (D:3)
  7 gnolls (D:4)
  An adder (D:4)
  2 ribbon worms
  4 orcs
  9 ball pythons
  6 endoplasms
  3 giant cockroaches
  13 goblins
  4 hobgoblins
  5 jackals
  5 kobolds
  3 quokkas
  2 bats
  3 frilled lizards
  2 rats
77 creatures vanquished.

Notes
Turn   | Place    | Note
-------+----------+-------------------------------------------
     0 | D:1      | CougarLife the Troll Fighter began the quest for the Orb.
     0 | D:1      | Reached XP level 1. HP: 22/22 MP: 0/0
   106 | D:1      | Reached XP level 2. HP: 25/29 MP: 1/1
   549 | D:2      | Noticed a scorpion
   566 | D:2      | Killed a scorpion
   567 | D:2      | Reached XP level 3. HP: 31/37 MP: 2/2
   567 | D:2      | Reached XP level 4. HP: 39/46 MP: 3/3
   733 | D:2      | Identified the +1 chain mail "Musm" {rElec rPois rN+}
  1570 | D:3      | Found Toomevil's Jewellery Shop.
  1572 | D:3      | Found Anepp's Magic Scroll Shop.
  1625 | D:3      | Found a faded altar of an unknown god.
  1715 | D:3      | Found a radiant altar of Vehumet.
  1731 | D:3      | Found Uwurah's Distillery.
  1749 | D:3      | Found Zachiola's Book Boutique.
  1863 | D:3      | Found a shadowy altar of Dithmenos.
  1863 | D:3      | Noticed Robin
  1879 | D:3      | Killed Robin
  1880 | D:3      | Reached skill level 3 in Unarmed Combat
  2116 | D:4      | Noticed a black bear
  2117 | D:4      | Reached XP level 5. HP: 53/53 MP: 4/4
  2131 | D:4      | Killed a black bear
  2132 | D:4      | Reached skill level 4 in Unarmed Combat
  2175 | D:4      | Reached skill level 5 in Unarmed Combat
  2175 | D:4      | Reached XP level 6. HP: 57/61 MP: 5/5
  2258 | D:4      | Reached skill level 6 in Unarmed Combat
  2345 | D:4      | Reached XP level 7. HP: 68/70 MP: 6/6
  2408 | D:4      | HP: 3/70 [bombardier beetle (5)]
  2415 | D:4      | Incinerated by a bombardier beetle

Illustrated notes

Levels and vault maps discovered:
D:1:      dpeg_arrival_rooms_a, layout_basic
D:2:      layout_basic
D:3:      layout_rooms, mainiacjoe_overflow_small_starburst, old_standard_altar,
          shapermc_ecumenical_altar_rom_forum, serial_shops, shop,
          nicolae_shop_tiny_statue_garden, nicolae_shop_behind_doors,
          nicolae_shop_advertising_works [nicolae_subvault_shop_adworks],
          uniq_robin
D:4:      layout_rooms, nicolae_overflow_two_pavilions, minmay_misc_feat_plants

Skill      XL: |  1  2  3  4  5  6 |
---------------+-------------------+-----
Dodging        | 3 |  3.0
Shields        | 3 |  3.0
Fighting       | 3 4 |  4.4
Unarmed Combat | 3 5 6 |  6.0

Action                     |  1- 3 |  4- 6 |  7- 9 || total
---------------------------+-------+-------+-------++-------
  Melee: Unarmed           |    41 |   150 |    13 ||   204
  Throw: Javelin           |       |     1 |       ||     1
    Use: Potion            |       |       |     5 ||     5
 Armour: Robe              |    16 |    75 |    15 ||   106
  Dodge: Dodged            |    11 |    45 |     6 ||    62
  Block: Kite shield       |    16 |    74 |     6 ||    96

Table legend: (Time is in decaauts)
 A = Elapsed time spent in this place.
 B = Non-inter-level travel time spent in this place.
 C = Inter-level travel time spent in this place.
 D = Time resting spent in this place.
 E = Time spent auto-exploring this place.
 F = Levels seen in this place.
 G = Mean time per level.
                   A        B        C        D        E       F      G
               +--------+--------+--------+--------+--------+-----+--------+
         Total |   2426 |   2343 |     83 |      4 |   1811 |   4 |  606.5 |
       Dungeon |   2426 |   2343 |     83 |      4 |   1811 |   4 |  606.5 |
               +--------+--------+--------+--------+--------+-----+--------+

Top non-repeatable levels by time:
     D:2: 1005 daAuts
     D:3: 564 daAuts
     D:1: 543 daAuts
     D:4: 313 daAuts
